 Dungeon Crawl Stone Soup version 0.31-a0-155-gb63f529262 (webtiles) character file.

Game seed: 10772394206048703703

122 Ijustatesigmund the Stinger (level 5, -3/33 HPs)
             Began as an Octopode Venom Mage on June 12, 2023.
             Slain by a gnoll
             ... wielding a +0 halberd
              (16 damage)
             ... on level 1 of the Dungeon.
             The game lasted 00:03:04 (1374 turns).

Ijustatesigmund the Stinger (Octopode Venom Mage)   Turns: 1374, Time: 00:03:05

Health: -3/33      AC:  1    Str: 14    XL:     5   Next: 6%
Magic:  6/9        EV: 13    Int: 19    God:
Gold:   74         SH:  0    Dex: 12    Spells: 3/9 levels left

rFire   . . .        d - +0 hand axe
rCold   . . .        (no shield)
rNeg    . . .        (helmet restricted)
rPois   .            (no amulet)
rElec   .            i - +6 ring of strength
rCorr   .            (no ring)
SInv    .            (no ring)
Will    .....        (no ring)
Stlth   +++          (no ring)
HPRegen 0.25/turn    (no ring)
MPRegen 0.11/turn    (no ring)
                     (no ring)

%: no passive effects
@: no status effects
A: almost no armour, amphibious, 8 rings, camouflage 1, gelatinous body 1,
(nimble swimmer 1), tentacles
a: no special abilities


You were on level 1 of the Dungeon.
You visited 1 branch of the dungeon, and saw 2 of its levels.

You collected 74 gold pieces.

Inventory:

Hand Weapons
 d - a +0 hand axe (weapon)
Jewellery
 i - a +6 ring of strength (left tentacle)
Wands
 m - a wand of quicksilver (7)
Scrolls
 b - a scroll of blinking {unknown}
 c - a scroll of enchant armour {unknown}
 f - 2 scrolls of identify {unknown}
 g - a scroll of fear {unknown}
 k - a scroll of brand weapon {unknown}
 l - a scroll of immolation {unknown}
Potions
 a - a potion of magic
 e - a potion of ambrosia {unknown}
 h - a potion of might {unknown}
 j - 2 potions of curing


   Skills:
 - Level 1.2 Fighting
 - Level 2.0 Dodging
 - Level 2.6 Stealth
 + Level 2.9 Spellcasting
 + Level 1.4 Conjurations
 - Level 1.0 Transmutations
 + Level 1.7 Air Magic
 + Level 4.6 Poison Magic


You had 3 spell levels left.
You knew the following spells:

 Your Spells              Type           Power      Damage    Failure   Level
a - Sting                 Tmut/Pois      52%        1d5       4%          1
b - Poisonous Vapours     Pois/Air       28%        N/A       6%          2
c - Mephitic Cloud        Conj/Pois/Air  12%        N/A       16%         3

Your spell library contained the following spells:

 Spells                   Type           Power      Damage    Failure   Level
 Olgreb's Toxic Radiance  Pois           20%        N/A       22%         4


Dungeon Overview and Level Annotations

Branches:
Dungeon (2/15)

Altars:

Shops:
D:1 (


Innate Abilities, Weirdness & Mutations

You cannot wear most types of armour.
You are amphibious.
You can wear up to eight rings at the same time.
Your skin changes colour to match your surroundings (Stealth+).
Your rubbery body absorbs attacks. (AC +1, EV +1)
((You are camouflaged when in or above water. (Stealth+)))
You have tentacles for arms and can constrict up to eight enemies at once.


Message History

The goblin shoots a sling bullet.
The sling bullet misses you.
You kill the goblin!
No target in view!
No target in view!
No target in view!
No target in view!
No target in view!
Magic restored.
f - 2 scrolls labelled SIOD WAEMIO (gained 1) 2 gnolls come into view.
The gnoll shouts!
A gnoll comes into view. It is wielding a +0 halberd.
The gnoll shouts!
Casting: Poisonous Vapours (safe; 6% risk of failure)
Confirm with . or Enter, or press ? or * to list all spells.
Aiming: Poisonous Vapours (safe; 6% risk of failure)
Press: ? - help, Dir - move target, f - gnoll
Aim: a gnoll, wielding a +0 club Poisonous vapours surround the gnoll!
The gnoll is poisoned.
Casting: Poisonous Vapours (safe; 6% risk of failure)
Confirm with . or Enter, or press ? or * to list all spells.
Aiming: Poisonous Vapours (safe; 6% risk of failure)
Press: ? - help, Dir - move target, f/p - gnoll
Aim: a gnoll, wielding a +0 club (lightly wounded, poisoned) Poisonous vapours surround the gnoll!
The gnoll looks even sicker.
The gnoll enters a dispersal trap!
The gnoll blinks!
You blink.
A frilled lizard comes into view.
The gnoll blinks!
Found a stone staircase leading up.
There is a stone staircase leading up here.
The gnoll hits you with a +0 halberd!
The frilled lizard hisses angrily.
There is a stone staircase leading up, spattered with blood here.
The gnoll hits you with a +0 halberd!
* * * LOW HITPOINT WARNING * * *
You climb upwards.
There is a stone staircase leading down here.
It was a potion of curing.
You feel better. The gnoll hits you with a +0 halberd!
You die...

### #.# #.###
######...#
#@.......## ### #
#.g.......####.###
#.####......##.##.
####.# #.#.....#.###
#....####.#.#...#.###
#.........#.#.......)
#....####............
#....##...........#.#
#....##.#.#.........#


You could see a gnoll.

Vanquished Creatures
  Natasha (thrice) (D:2)
  An adder (D:2)
  A dart slug (D:1)
  2 ball pythons (D:1)
  3 bats (D:1)
  A giant cockroach (D:1)
  2 goblins
  2 hobgoblins (D:1)
  7 jackals
  A quokka (D:1)
  A frilled lizard (D:1)
  A kobold (D:2)
  17 rats (D:1)
42 creatures vanquished.

Notes
Turn   | Place    | Note
-------+----------+-------------------------------------------
     0 | D:1      | Ijustatesigmund the Octopode Venom Mage began the quest for
                  | the Orb.
     0 | D:1      | Reached XP level 1. HP: 11/11 MP: 3/3
   143 | D:1      | Reached XP level 2. HP: 18/18 MP: 3/5
   146 | D:1      | Learned a level 2 spell: Poisonous Vapours
   174 | D:1      | Found Saxtoes's Weapon Shoppe.
   296 | D:1      | Reached skill level 1 in Fighting
   325 | D:1      | Reached skill level 4 in Poison Magic
   534 | D:1      | Reached XP level 3. HP: 17/23 MP: 6/6
   628 | D:1      | Learned a level 3 spell: Mephitic Cloud
   780 | D:2      | Noticed Natasha
   785 | D:2      | Killed Natasha
   786 | D:2      | Reached skill level 1 in Air Magic
   928 | D:2      | Reached XP level 4. HP: 28/28 MP: 4/7
  1017 | D:2      | Noticed Natasha
  1021 | D:2      | Killed Natasha
  1022 | D:2      | Reached skill level 1 in Conjurations
  1099 | D:2      | Noticed Natasha
  1107 | D:2      | Killed Natasha
  1108 | D:2      | Reached XP level 5. HP: 19/33 MP: 3/9
  1374 | D:1      | Slain by a gnoll

Illustrated notes

Levels and vault maps discovered:
D:1:      heliophobic_arrival_battle_scene, layout_basic, serial_shops, shop,
          minmay_rat_gold_closets
D:2:      layout_loops_ring, dreamdust_ecumenical_altar_statues,
          chequers_avenue, uniq_natasha

Skill      XL: |  1  2  3  4 |
---------------+-------------+-----
Fighting       | 1 |  1.2
Poison Magic   | 4 |  4.6
Air Magic      | 1 |  1.7
Conjurations   | 1 |  1.4
Dodging        | |  2.0
Stealth        | |  2.6
Spellcasting   | |  2.9
Transmutations | |  1.0

Action                     |  1- 3 |  4- 6 || total
---------------------------+-------+-------++-------
  Melee: Unarmed           |    12 |       ||    12
         Constrict         |    14 |     5 ||    19
         Tentacles         |     8 |     4 ||    12
         Hand axe          |    33 |    16 ||    49
   Cast: Sting             |    10 |       ||    10
         Poisonous Vapours |     7 |     9 ||    16
    Use: Potion            |       |     1 ||     1
   Stab: Sleeping          |     8 |       ||     8
 Armour: Skin              |     1 |       ||     1
  Dodge: Dodged            |    23 |    11 ||    34

Table legend: (Time is in decaauts)
 A = Elapsed time spent in this place.
 B = Non-inter-level travel time spent in this place.
 C = Inter-level travel time spent in this place.
 D = Time resting spent in this place.
 E = Time spent auto-exploring this place.
 F = Levels seen in this place.
 G = Mean time per level.
                   A        B        C        D        E       F      G
               +--------+--------+--------+--------+--------+-----+--------+
         Total |   1388 |   1369 |     19 |    388 |    717 |   2 |  694.0 |
       Dungeon |   1388 |   1369 |     19 |    388 |    717 |   2 |  694.0 |
               +--------+--------+--------+--------+--------+-----+--------+

Top non-repeatable levels by time:
     D:1: 922 daAuts
     D:2: 466 daAuts
